3AAA
SIOUX FALLS RED PANDAS @ HOUSTON BC
06/17/2024
 
TOP OF THE 1ST
Sioux Falls Red Pandas batting - Pitching for Houston BC : LHP Shawn Arnold
Pitching: LHP Shawn Arnold
Batting: RHB Jorge Díaz 0-0: Ball
1-0: Ball
2-0: Foul Ball, location: 2F
2-1: Foul Ball, location: 2F
2-2: Ball
3-2: Fly out, F3 (Popup, 34S)
Batting: RHB Jorge Rivera 0-0: Ball
1-0: Ball
2-0: Ball
3-0: Called Strike
3-1: Ground out 5-3 (Groundball, 5L)
Batting: LHB Qi-zhen Loong 0-0: Called Strike
0-1: Swinging Strike
0-2: Strikes out looking
Top of the 1st over - 0 run(s), 0 hit(s), 0 error(s), 0 left on base; Sioux Falls 0 - Houston 0
BOTTOM OF THE 1ST
Houston BC batting - Pitching for Sioux Falls Red Pandas : RHP Les Edwards
Pitching: RHP Les Edwards
Batting: RHB Ludovico Trezza 0-0: Ball
1-0: Ground out 5-3 (Groundball, 6S)
Batting: RHB Jorge Quezada 0-0: Ball
1-0: Ground out 6-3 (Groundball, 6)
Batting: RHB Joseph Gray 0-0: Ball
1-0: Called Strike
1-1: Ground out 4-3 (Groundball, 4M)
Bottom of the 1st over - 0 run(s), 0 hit(s), 0 error(s), 0 left on base; Sioux Falls 0 - Houston 0
TOP OF THE 2ND
Sioux Falls Red Pandas batting - Pitching for Houston BC : LHP Shawn Arnold
Batting: RHB Jim Scott 0-0: Ball
1-0: Swinging Strike
1-1: Swinging Strike
1-2: Ball
2-2: DOUBLE (Groundball, 5L)
Batting: RHB Mario Piña 0-0: Ball
1-0: Called Strike
1-1: Foul Ball, location: 2F
1-2: Ball
2-2: Ball
3-2: Ground out U3 (Groundball, 3)
Jim Scott to third
Batting: RHB Eduardo Sánchez 0-0: Ball
1-0: Ball
2-0: Called Strike
2-1: Foul Ball, location: 2F
2-2: Strikes out swinging
Batting: SHB Dan Hunt 0-0: Foul Ball, location: 2F
0-1: Ball
1-1: Ball
2-1: SINGLE (Groundball, 56D)
Jim Scott scores
Batting: LHB Steve Riggs 0-0: Swinging Strike
0-1: Called Strike
0-2: Strikes out swinging
Top of the 2nd over - 1 run(s), 2 hit(s), 0 error(s), 1 left on base; Sioux Falls 1 - Houston 0
BOTTOM OF THE 2ND
Houston BC batting - Pitching for Sioux Falls Red Pandas : RHP Les Edwards
Batting: LHB António Rivera 0-0: Ball
1-0: Ball
2-0: Foul Ball, location: 2F
2-1: Ball
3-1: Fly out, F7 (Popup, 5D)
Batting: RHB Alex Maxwell 0-0: Called Strike
0-1: Swinging Strike
0-2: Strikes out swinging
Batting: RHB Habbo Allaart 0-0: Called Strike
0-1: Ground out 4-3 (Groundball, 4)
Bottom of the 2nd over - 0 run(s), 0 hit(s), 0 error(s), 0 left on base; Sioux Falls 1 - Houston 0
TOP OF THE 3RD
Sioux Falls Red Pandas batting - Pitching for Houston BC : LHP Shawn Arnold
Batting: SHB Juan Brito 0-0: Fly out, F7 (Flyball, 7M)
Batting: RHB Jorge Díaz 0-0: Ball
1-0: Swinging Strike
1-1: Swinging Strike
1-2: Strikes out looking
Batting: RHB Jorge Rivera 0-0: Ball
1-0: Foul Ball, location: 2F
1-1: Ball
2-1: Ball
3-1: Base on Balls
Batting: LHB Qi-zhen Loong 0-0: Ball
1-0: Ball
2-0: Fly out, F7 (Flyball, 78M)
Top of the 3rd over - 0 run(s), 0 hit(s), 0 error(s), 1 left on base; Sioux Falls 1 - Houston 0
BOTTOM OF THE 3RD
Houston BC batting - Pitching for Sioux Falls Red Pandas : RHP Les Edwards
Batting: RHB Steffen Taylor 0-0: Foul Ball, location: 2F
0-1: Foul Ball, location: 2F
0-2: Foul Ball, location: 2F
0-2: Ball
1-2: Fly out, F9 (Flyball, 9S)
Batting: RHB Albert Delgado 0-0: Swinging Strike
0-1: Ball
1-1: Ball
2-1: Ball
3-1: Foul Ball, location: 2F
3-2: Foul Ball, location: 2F
3-2: Base on Balls
Batting: RHB Daniel Drake 0-0: Ball
Albert Delgado steals 2nd base
1-0: Ball
Albert Delgado steals 3rd base
2-0: Ball
3-0: Called Strike
3-1: Called Strike
3-2: Foul Ball, location: 2F
3-2: Foul Ball, location: 2F
3-2: Base on Balls
Batting: RHB Ludovico Trezza 0-0: Called Strike
0-1: Called Strike
0-2: Fly out, F9 (Flyball, 89M)
Runner from 3rd tags up, SCORES, no throw
Batting: RHB Jorge Quezada 0-0: Ball
1-0: Ball
2-0: Ground out 6-3 (Groundball, 6)
Bottom of the 3rd over - 1 run(s), 0 hit(s), 0 error(s), 1 left on base; Sioux Falls 1 - Houston 1
TOP OF THE 4TH
Sioux Falls Red Pandas batting - Pitching for Houston BC : LHP Shawn Arnold
Batting: RHB Jim Scott 0-0: Swinging Strike
0-1: Called Strike
0-2: Ball
1-2: Strikes out swinging
Batting: RHB Mario Piña 0-0: Called Strike
0-1: Called Strike
0-2: Strikes out swinging
Batting: RHB Eduardo Sánchez 0-0: Fly out, F7 (Line Drive, 7M)
Top of the 4th over - 0 run(s), 0 hit(s), 0 error(s), 0 left on base; Sioux Falls 1 - Houston 1
BOTTOM OF THE 4TH
Houston BC batting - Pitching for Sioux Falls Red Pandas : RHP Les Edwards
Batting: RHB Joseph Gray 0-0: Ball
1-0: Ball
2-0: Called Strike
2-1: Foul Ball, location: 2F
2-2: Strikes out swinging
Batting: LHB António Rivera 0-0: Foul Ball, location: 2F
0-1: Ball
1-1: Ground out U3 (Groundball, 3L)
Batting: RHB Alex Maxwell 0-0: Ball
1-0: Called Strike
1-1: SINGLE (Line Drive, 6MD)
Batting: RHB Habbo Allaart 0-0: Called Strike
0-1: Foul Ball, location: 2F
0-2: SINGLE (Line Drive, 89S)
Alex Maxwell to second
Alex Maxwell to third
Batting: RHB Steffen Taylor 0-0: Ball
1-0: Ground out U3 (Groundball, 3L)
Bottom of the 4th over - 0 run(s), 2 hit(s), 0 error(s), 2 left on base; Sioux Falls 1 - Houston 1
TOP OF THE 5TH
Sioux Falls Red Pandas batting - Pitching for Houston BC : LHP Shawn Arnold
Batting: SHB Dan Hunt 0-0: Ball
1-0: Ball
2-0: Called Strike
2-1: Swinging Strike
2-2: Strikes out looking
Batting: LHB Steve Riggs 0-0: Called Strike
0-1: Ball
1-1: Foul Ball, location: 2F
1-2: Fly out, F8 (Flyball, 8LD)
Batting: SHB Juan Brito 0-0: Ball
1-0: Swinging Strike
1-1: Ball
2-1: Swinging Strike
2-2: Strikes out swinging
Top of the 5th over - 0 run(s), 0 hit(s), 0 error(s), 0 left on base; Sioux Falls 1 - Houston 1
BOTTOM OF THE 5TH
Houston BC batting - Pitching for Sioux Falls Red Pandas : RHP Les Edwards
Batting: RHB Albert Delgado 0-0: Called Strike
0-1: Ground out 5-3 (Groundball, 5)
Batting: RHB Daniel Drake 0-0: Ground out 4-3 (Groundball, 4)
Batting: RHB Ludovico Trezza 0-0: Ball
1-0: Ground out 6-3 (Groundball, 6)
Bottom of the 5th over - 0 run(s), 0 hit(s), 0 error(s), 0 left on base; Sioux Falls 1 - Houston 1
TOP OF THE 6TH
Sioux Falls Red Pandas batting - Pitching for Houston BC : LHP Shawn Arnold
Batting: RHB Jorge Díaz 0-0: Ball
1-0: Fly out, F7 (Flyball, 78M)
Batting: RHB Jorge Rivera 0-0: Ground out 6-3 (Groundball, 6)
Batting: LHB Qi-zhen Loong 0-0: Ball
1-0: SINGLE (Line Drive, 78S)
Batting: RHB Jim Scott 0-0: Ball
1-0: Called Strike
1-1: Foul Ball, location: 2F
1-2: Strikes out swinging
Top of the 6th over - 0 run(s), 1 hit(s), 0 error(s), 1 left on base; Sioux Falls 1 - Houston 1
BOTTOM OF THE 6TH
Houston BC batting - Pitching for Sioux Falls Red Pandas : RHP Les Edwards
Batting: RHB Jorge Quezada 0-0: Ball
1-0: Called Strike
1-1: SINGLE (Groundball, 56D)
Pitching: RHP Guillermo Pérez
Batting: RHB Joseph Gray 0-0: Swinging Strike
0-1: Ball
1-1: Called Strike
1-2: Foul Ball, location: 2F
1-2: Ball
2-2: Foul Ball, location: 2F
2-2: Strikes out looking
Batting: LHB António Rivera 0-0: Foul Ball, location: 2F
0-1: Foul Ball, location: 2F
0-2: Foul Ball, location: 2F
0-2: Fielders Choice at 2nd, 6-4 (Groundball, 6M)
Batting: RHB Alex Maxwell 0-0: Ball
1-0: Ball
António Rivera steals 2nd base
2-0: Ball
3-0: Called Strike
3-1: SINGLE (Groundball, 6D)
António Rivera to third
Runner from 3rd tries for Home, SAFE, no throw or cutoff
Batting: RHB Habbo Allaart 0-0: Ball
Alex Maxwell is caught stealing 2nd base
Bottom of the 6th over - 1 run(s), 2 hit(s), 0 error(s), 0 left on base; Sioux Falls 1 - Houston 2
TOP OF THE 7TH
Sioux Falls Red Pandas batting - Pitching for Houston BC : LHP Shawn Arnold
Now at SS: Joaquín Parra
Batting: RHB Mario Piña 0-0: Ground out 6-3 (Groundball, 6)
Batting: RHB Eduardo Sánchez 0-0: Ball
1-0: Called Strike
1-1: Foul Ball, location: 2F
1-2: Ground out 6-3 (Groundball, 6)
Batting: SHB Dan Hunt 0-0: Swinging Strike
0-1: Swinging Strike
0-2: Ball
1-2: Ball
2-2: Reached on error, E5 (Groundball, 56)
Pinch Hitting: RHB Gaston Waller 0-0: Foul Ball, location: 2F
0-1: Foul Ball, location: 2F
0-2: Ball
1-2: Fly out, F8 (Flyball, 8LM)
Top of the 7th over - 0 run(s), 0 hit(s), 1 error(s), 1 left on base; Sioux Falls 1 - Houston 2
BOTTOM OF THE 7TH
Houston BC batting - Pitching for Sioux Falls Red Pandas : RHP Guillermo Pérez
Now at 3B: Gaston Waller
Batting: RHB Habbo Allaart 0-0: Ball
1-0: Ball
2-0: DOUBLE (Line Drive, 5L)
Batting: RHB Steffen Taylor 0-0: Ball
1-0: Fly out, F7 (Flyball, 78D)
Pinch Hitting: LHB Enrique Sánchez 0-0: Called Strike
Habbo Allaart is caught stealing 3rd base
0-1: Ball
1-1: DOUBLE (Flyball, 8LXD)
Pinch Hitting: LHB Raúl Trevino 0-0: Ball
1-0: Called Strike
1-1: Ground out 4-3 (Groundball, 4S)
Bottom of the 7th over - 0 run(s), 2 hit(s), 0 error(s), 1 left on base; Sioux Falls 1 - Houston 2
TOP OF THE 8TH
Sioux Falls Red Pandas batting - Pitching for Houston BC : LHP Shawn Arnold
Now at 1B: Enrique Sánchez
Now in RF: Raúl Trevino
Batting: SHB Juan Brito 0-0: Ball
1-0: Ball
2-0: Called Strike
2-1: Reached on Error, E9 (Flyball, 9LM)
Pinch Hitting: RHB Jeremy Murphy 0-0: Ball
1-0: Fly out, F4 (Line Drive, 4)
Batting: RHB Jorge Rivera 0-0: Ball
1-0: DOUBLE (Line Drive, 78M)
Juan Brito to third
Batting: LHB Qi-zhen Loong 0-0: Called Strike
0-1: Fly out, F7 (Flyball, 78M)
Runner from 3rd tags up, OUT at HOME
Top of the 8th over - 0 run(s), 1 hit(s), 1 error(s), 1 left on base; Sioux Falls 1 - Houston 2
BOTTOM OF THE 8TH
Houston BC batting - Pitching for Sioux Falls Red Pandas : RHP Guillermo Pérez
Now in CF: Jeremy Murphy
Batting: RHB Ludovico Trezza 0-0: Called Strike
0-1: Foul Ball, location: 2F
0-2: Strikes out swinging
Batting: RHB Jorge Quezada 0-0: Swinging Strike
0-1: Foul Ball, location: 2F
0-2: Ground out 3-1 (Groundball, 34)
Pitching: LHP Jim Unknown
Batting: RHB Joseph Gray 0-0: Ball
1-0: Foul Ball, location: 2F
1-1: Ball
2-1: Foul Ball, location: 2F
2-2: Strikes out swinging
Bottom of the 8th over - 0 run(s), 0 hit(s), 0 error(s), 0 left on base; Sioux Falls 1 - Houston 2
TOP OF THE 9TH
Sioux Falls Red Pandas batting - Pitching for Houston BC : LHP Shawn Arnold
Pitching: RHP Weston Fisher
Batting: RHB Jim Scott 0-0: Called Strike
0-1: Ball
1-1: Ball
2-1: Foul Ball, location: 2F
2-2: Ball
3-2: Base on Balls
Batting: RHB Mario Piña 0-0: Swinging Strike
0-1: Foul Ball, location: 2F
0-2: Ball
1-2: Ball
2-2: Ball
3-2: Strikes out swinging
Batting: RHB Eduardo Sánchez 0-0: Fly out, F8 (Flyball, 8LM)
Batting: SHB Dan Hunt 0-0: Foul Ball, location: 2F
0-1: Ball
1-1: Swinging Strike
1-2: Ball
2-2: Ball
3-2: Foul Ball, location: 2F
3-2: Fly out, F7 (Flyball, 7D)
Top of the 9th over - 0 run(s), 0 hit(s), 0 error(s), 1 left on base; Sioux Falls 1 - Houston 2
This league is powered by Out of the Park Baseball, the baseball management simulation game for PC, Mac and Linux
Monday, October 3rd, 2016 - OOTP Baseball 16.9 Build 39